TOP OF THE 1ST |
San Jose Bees batting - Pitching for Lodi Crushers : RHP Dale Brown
|
Pitching: RHP Dale Brown
|
|
Batting: RHB Ricky McMullen
|
0-0: Fly out, F9 (Line Drive, 9, EV 84.4 MPH)
|
Batting: RHB Ron MacDonald
|
0-0: Foul Ball, location: 2F 0-1: Fly out, F8 (Flyball, 8LD, EV 80.6 MPH)
|
Batting: LHB Stanley Davis
|
0-0: Fly out, F9 (Flyball, 9D, EV 105.6 MPH)
|
Top of the 1st over - 0 runs, 0 hits, 0 errors, 0 left on base; San Jose 0 - Lodi 0 |
BOTTOM OF THE 1ST |
Lodi Crushers batting - Pitching for San Jose Bees : LHP Stephen Hartery
|
Pitching: LHP Stephen Hartery
|
|
Batting: LHB Adrian Zepeda
|
0-0: Ball 1-0: Called Strike 1-1: Fly out, F5 (Line Drive, 5, EV 63.8 MPH)
|
Batting: LHB Francisco Jabalera
|
0-0: Foul Ball, location: 2F 0-1: Ball 1-1: Ball 2-1: Ball 3-1: Base on Balls
|
Batting: RHB Carmelo Martinez
|
0-0: Called Strike 0-1: Called Strike Francisco Jabalera steals 2nd, throwing error, E2 Francisco Jabalera to third 0-2: Ball 1-2: Foul Ball, location: 2F 1-2: Ball 2-2: Foul Ball, location: 2F 2-2: Foul Ball, location: 2F 2-2: Ball 3-2: Base on Balls
|
Batting: LHB Roger Frash
|
0-0: Ball 1-0: Ball 2-0: Ball 3-0: Base on Balls Carmelo Martinez to second
|
Batting: LHB Jeff Reed
|
0-0: Foul Ball, location: 2F 0-1: Ball 1-1: Foul Ball, location: 2F 1-2: Ball 2-2: Fly out, F8 (Line Drive, 8LM, EV 105.6 MPH)
|
Batting: RHB Ron Karkovice
|
0-0: Called Strike 0-1: Ball 1-1: Ball 2-1: Called Strike 2-2: Ball 3-2: Base on Balls Francisco Jabalera scores Carmelo Martinez to third Roger Frash to second
|
Batting: RHB Steve Aragon
|
0-0: Called Strike 0-1: Foul Ball, location: 2F 0-2: Strikes out looking
|
Bottom of the 1st over - 1 run, 0 hits, 1 error, 3 left on base; San Jose 0 - Lodi 1 |
TOP OF THE 2ND |
San Jose Bees batting - Pitching for Lodi Crushers : RHP Dale Brown
|
Batting: LHB Stanley Younger
|
0-0: Called Strike 0-1: Ball 1-1: SOLO HOME RUN (Flyball, 9D, EV 95.0 MPH), Distance : 347 ft
|
Batting: LHB Dale Weaver
|
0-0: Called Strike 0-1: Ball 1-1: Ball 2-1: Ball 3-1: Fly out, F8 (Line Drive, 8LD, EV 101.3 MPH)
|
Batting: RHB Timothy Wallace
|
0-0: Swinging Strike 0-1: Ball 1-1: Swinging Strike 1-2: SINGLE (Groundball, 6MD, EV 104.4 MPH)
|
Batting: RHB Bill Pinkham
|
0-0: Called Strike 0-1: Foul Ball, location: 2F 0-2: Strikes out swinging
|
Batting: LHB Donald Seeker
|
0-0: Called Strike 0-1: Ball 1-1: Foul Ball, location: 2F 1-2: Ground out 3-1 (Groundball, 34S, EV 86.3 MPH)
|
Top of the 2nd over - 1 run, 2 hits, 0 errors, 1 left on base; San Jose 1 - Lodi 1 |
BOTTOM OF THE 2ND |
Lodi Crushers batting - Pitching for San Jose Bees : LHP Stephen Hartery
|
Batting: SHB Leon Baham
|
0-0: Ball 1-0: Foul Ball, location: 2F 1-1: Ball 2-1: Foul Ball, location: 2F 2-2: Fly out, F4 (Popup, 23, EV 90.0 MPH)
|
Batting: RHB Chris Baker
|
0-0: Ball 1-0: DOUBLE (Line Drive, 3D, EV 107.5 MPH)
|
Batting: LHB Adrian Zepeda
|
0-0: Called Strike 0-1: Ground out 6-3 (Groundball, 6, EV 86.3 MPH)
|
Batting: LHB Francisco Jabalera
|
0-0: Called Strike 0-1: Called Strike 0-2: Ground out 4-3 (Groundball, 13, EV 83.1 MPH)
|
Bottom of the 2nd over - 0 runs, 1 hit, 0 errors, 1 left on base; San Jose 1 - Lodi 1 |
TOP OF THE 3RD |
San Jose Bees batting - Pitching for Lodi Crushers : RHP Dale Brown
|
Batting: RHB Russell Ramirez
|
0-0: Ball 1-0: Ball 2-0: DOUBLE (Line Drive, 78XD, EV 110.6 MPH)
|
Batting: RHB Ricky McMullen
|
0-0: Fly out, F9 (Flyball, 9, EV 90.0 MPH)
|
Batting: RHB Ron MacDonald
|
0-0: Ball 1-0: Ball 2-0: Ground out 5-3 (Groundball, 5, EV 87.5 MPH)
|
Batting: LHB Stanley Davis
|
0-0: Ball 1-0: DOUBLE (Flyball, 8LXD, EV 105.0 MPH) Russell Ramirez scores
|
Batting: LHB Stanley Younger
|
0-0: Ball 1-0: Swinging Strike 1-1: Ball 2-1: Ball 3-1: Fly out, F7 (Flyball, 7LM, EV 93.1 MPH)
|
Top of the 3rd over - 1 run, 2 hits, 0 errors, 1 left on base; San Jose 2 - Lodi 1 |
BOTTOM OF THE 3RD |
Lodi Crushers batting - Pitching for San Jose Bees : LHP Stephen Hartery
|
Batting: RHB Carmelo Martinez
|
0-0: Ball 1-0: Ball 2-0: Ball 3-0: Called Strike 3-1: Base on Balls
|
Batting: LHB Roger Frash
|
0-0: Swinging Strike 0-1: Foul Ball, location: 2F 0-2: Strikes out swinging
|
Batting: LHB Jeff Reed
|
0-0: Ball 1-0: Foul Ball, location: 2F 1-1: Ball 2-1: Ball 3-1: Fly out, F9 (Line Drive, 9, EV 91.9 MPH)
|
Batting: RHB Ron Karkovice
|
0-0: Called Strike 0-1: Ball 1-1: Ball 2-1: Foul Ball, location: 2F 2-2: Strikes out swinging
|
Bottom of the 3rd over - 0 runs, 0 hits, 0 errors, 1 left on base; San Jose 2 - Lodi 1 |
TOP OF THE 4TH |
San Jose Bees batting - Pitching for Lodi Crushers : RHP Dale Brown
|
Batting: LHB Dale Weaver
|
0-0: Ball 1-0: Ball 2-0: Foul Ball, location: 2F 2-1: Ball 3-1: Foul Ball, location: 2F 3-2: Base on Balls
|
Batting: RHB Timothy Wallace
|
0-0: SINGLE (Line Drive, 34D, EV 95.6 MPH) Dale Weaver to second Runner from 2nd tries for 3rd, SAFE, no throw by RF
|
Batting: RHB Bill Pinkham
|
0-0: Ball 1-0: Foul Ball, location: 2F 1-1: Fly out, F7 (Flyball, 7LM, EV 73.1 MPH) Runner from 3rd tags up, SCORES, no throw by LF
|
Batting: LHB Donald Seeker
|
0-0: Foul Ball, location: 2F 0-1: Ball 1-1: Foul Ball, location: 2F 1-2: Fielders Choice at 2nd, 3-6 (Groundball, 34, EV 103.8 MPH)
|
Batting: RHB Russell Ramirez
|
0-0: Called Strike 0-1: Ball 1-1: Ball 2-1: Foul Ball, location: 2F 2-2: Fielders Choice at 2nd, 5-4 (Groundball, 56, EV 98.8 MPH)
|
Top of the 4th over - 1 run, 1 hit, 0 errors, 1 left on base; San Jose 3 - Lodi 1 |
BOTTOM OF THE 4TH |
Lodi Crushers batting - Pitching for San Jose Bees : LHP Stephen Hartery
|
Batting: RHB Steve Aragon
|
0-0: Ball 1-0: Swinging Strike 1-1: Ball 2-1: Bunt for hit to 15S - play at first, batter OUT! 1-3
|
Batting: SHB Leon Baham
|
0-0: Called Strike 0-1: Fly out, F7 (Flyball, 7LM, EV 87.5 MPH)
|
Batting: RHB Chris Baker
|
0-0: Called Strike 0-1: Ball 1-1: Called Strike 1-2: Fly out, F4 (Popup, 4, EV 73.1 MPH)
|
Bottom of the 4th over - 0 runs, 0 hits, 0 errors, 0 left on base; San Jose 3 - Lodi 1 |
TOP OF THE 5TH |
San Jose Bees batting - Pitching for Lodi Crushers : RHP Dale Brown
|
Batting: RHB Ricky McMullen
|
0-0: Fly out, F8 (Flyball, 8RD, EV 103.1 MPH)
|
Batting: RHB Ron MacDonald
|
0-0: Ball 1-0: SINGLE (Flyball, 3D, EV 96.3 MPH)
|
Batting: LHB Stanley Davis
|
0-0: Fielders Choice at 2nd, 2-6 (Groundball, 2R, EV 67.5 MPH)
|
Batting: LHB Stanley Younger
|
0-0: Ball 1-0: Swinging Strike 1-1: Swinging Strike Passed Ball! Stanley Davis to second 1-2: Foul Ball, location: 2F 1-2: Ball 2-2: Foul Ball, location: 2F 2-2: Strikes out looking
|
Top of the 5th over - 0 runs, 1 hit, 0 errors, 1 left on base; San Jose 3 - Lodi 1 |
BOTTOM OF THE 5TH |
Lodi Crushers batting - Pitching for San Jose Bees : LHP Stephen Hartery
|
Batting: LHB Adrian Zepeda
|
0-0: SINGLE (Groundball, 4M, EV 92.5 MPH) (infield hit)
|
Batting: LHB Francisco Jabalera
|
0-0: Called Strike 0-1: Bunted foul 0-2: Ball 1-2: Strikes out swinging
|
Batting: RHB Carmelo Martinez
|
0-0: Called Strike 0-1: Foul Ball, location: 2F 0-2: Ball 1-2: Fly out, F4 (Popup, 4S, EV 84.4 MPH)
|
Batting: LHB Roger Frash
|
0-0: Ball 1-0: Foul Ball, location: 2F 1-1: Ball 2-1: Called Strike 2-2: Foul Ball, location: 2F 2-2: Ball Adrian Zepeda steals 2nd base (no throw) 3-2: Strikes out swinging
|
Bottom of the 5th over - 0 runs, 1 hit, 0 errors, 1 left on base; San Jose 3 - Lodi 1 |
TOP OF THE 6TH |
San Jose Bees batting - Pitching for Lodi Crushers : RHP Dale Brown
|
Batting: LHB Dale Weaver
|
0-0: Ground out 6-3 (Groundball, 6, EV 92.5 MPH)
|
Batting: RHB Timothy Wallace
|
0-0: Called Strike 0-1: Foul Ball, location: 2F 0-2: SINGLE (Groundball, 6MD, EV 103.1 MPH)
|
Batting: RHB Bill Pinkham
|
0-0: Called Strike 0-1: Ball 1-1: Fly out, F7 (Line Drive, 7, EV 98.1 MPH)
|
Batting: LHB Donald Seeker
|
0-0: Ball 1-0: Foul Ball, location: 2F 1-1: Foul Ball, location: 2F 1-2: Ball 2-2: Ball 3-2: SINGLE (Line Drive, 9S, EV 105.6 MPH) Timothy Wallace to second Timothy Wallace to third
|
Batting: RHB Russell Ramirez
|
0-0: Swinging Strike 0-1: Called Strike 0-2: Ball 1-2: Reached on error, E6 (Groundball, 6, EV 104.4 MPH) Timothy Wallace scores Donald Seeker to second
|
Batting: RHB Ricky McMullen
|
0-0: Fielders Choice at 2nd, 6-4 (Groundball, 6, EV 81.9 MPH)
|
Top of the 6th over - 1 run, 2 hits, 1 error, 2 left on base; San Jose 4 - Lodi 1 |
BOTTOM OF THE 6TH |
Lodi Crushers batting - Pitching for San Jose Bees : LHP Stephen Hartery
|
Batting: LHB Jeff Reed
|
0-0: Called Strike 0-1: Foul Ball, location: 2F 0-2: Fly out, F8 (Line Drive, 8LM, EV 98.1 MPH)
|
Batting: RHB Ron Karkovice
|
0-0: Ball 1-0: Foul Ball, location: 2F 1-1: Foul Ball, location: 2F 1-2: Ground out 5-3 (Groundball, 56, EV 84.4 MPH)
|
Batting: RHB Steve Aragon
|
0-0: Bunted foul 0-1: Ball 1-1: Fly out, F4 (Popup, 34, EV 35.0 MPH)
|
Bottom of the 6th over - 0 runs, 0 hits, 0 errors, 0 left on base; San Jose 4 - Lodi 1 |
TOP OF THE 7TH |
San Jose Bees batting - Pitching for Lodi Crushers : RHP Dale Brown
|
Batting: RHB Ron MacDonald
|
0-0: Ground out 4-3 (Groundball, 4, EV 100.6 MPH)
|
Batting: LHB Stanley Davis
|
0-0: Called Strike 0-1: Ground out 6-3 (Groundball, 6M, EV 79.4 MPH)
|
Batting: LHB Stanley Younger
|
0-0: Fly out, F9 (Flyball, 9D, EV 93.1 MPH)
|
Top of the 7th over - 0 runs, 0 hits, 0 errors, 0 left on base; San Jose 4 - Lodi 1 |
BOTTOM OF THE 7TH |
Lodi Crushers batting - Pitching for San Jose Bees : LHP Stephen Hartery
|
Batting: SHB Leon Baham
|
0-0: Foul Ball, location: 2F 0-1: SINGLE (Groundball, 34S, EV 78.1 MPH) (infield hit)
|
Batting: RHB Chris Baker
|
0-0: Called Strike 0-1: Ball 1-1: Ball 2-1: Called Strike 2-2: Strikes out swinging
|
Batting: LHB Adrian Zepeda
|
0-0: Ball 1-0: Ball 2-0: Called Strike 2-1: Ball 3-1: Base on Balls Leon Baham to second
|
Batting: LHB Francisco Jabalera
|
0-0: Called Strike 0-1: Fly out, F8 (Flyball, 89M, EV 94.4 MPH)
|
Batting: RHB Carmelo Martinez
|
0-0: Fielders Choice at 2nd, 5-4 (Groundball, 5, EV 95.6 MPH)
|
Bottom of the 7th over - 0 runs, 1 hit, 0 errors, 2 left on base; San Jose 4 - Lodi 1 |
TOP OF THE 8TH |
San Jose Bees batting - Pitching for Lodi Crushers : RHP Dale Brown
|
Batting: LHB Dale Weaver
|
0-0: Foul Ball, location: 2F 0-1: Fly out, F7 (Flyball, 78S, EV 75.0 MPH)
|
Batting: RHB Timothy Wallace
|
0-0: Fly out, F9 (Line Drive, 9, EV 93.1 MPH)
|
Batting: RHB Bill Pinkham
|
0-0: Reached on error, E6 (Groundball, 6M, EV 83.1 MPH)
|
Batting: LHB Donald Seeker
|
0-0: Ball 1-0: Ball 2-0: Foul Ball, location: 2F 2-1: SINGLE (Groundball, 34, EV 108.8 MPH) Bill Pinkham to second Runner from 2nd tries for 3rd, SAFE, throw by RF made to third
|
Batting: RHB Russell Ramirez
|
0-0: Foul Ball, location: 2F 0-1: Swinging Strike 0-2: Ball 1-2: Ball 2-2: Strikes out swinging
|
Top of the 8th over - 0 runs, 1 hit, 1 error, 2 left on base; San Jose 4 - Lodi 1 |
BOTTOM OF THE 8TH |
Lodi Crushers batting - Pitching for San Jose Bees : LHP Stephen Hartery
|
Batting: LHB Roger Frash
|
0-0: Fly out, F7 (Flyball, 7LS, EV 85.0 MPH)
|
Batting: LHB Jeff Reed
|
0-0: Called Strike 0-1: Ball 1-1: Ball 2-1: Foul Ball, location: 2F 2-2: Ground out 6-3 (Groundball, 6S, EV 77.5 MPH)
|
Batting: RHB Ron Karkovice
|
0-0: Called Strike 0-1: Ball 1-1: Swinging Strike 1-2: Ball 2-2: Ground out 5-3 (Groundball, 56, EV 83.1 MPH)
|
Bottom of the 8th over - 0 runs, 0 hits, 0 errors, 0 left on base; San Jose 4 - Lodi 1 |
TOP OF THE 9TH |
San Jose Bees batting - Pitching for Lodi Crushers : RHP Dale Brown
|
Batting: RHB Ricky McMullen
|
0-0: Ball 1-0: Ball 2-0: Ground out 6-3 (Groundball, 6, EV 83.8 MPH)
|
Batting: RHB Ron MacDonald
|
0-0: Foul Ball, location: 2F 0-1: Foul Ball, location: 2F 0-2: Ground out 6-3 (Groundball, 6MS, EV 81.9 MPH)
|
Batting: LHB Stanley Davis
|
0-0: Ball 1-0: Called Strike 1-1: Swinging Strike 1-2: Ball 2-2: Foul Ball, location: 2F 2-2: Ball 3-2: Fly out, F7 (Flyball, 7S, EV 84.4 MPH)
|
Top of the 9th over - 0 runs, 0 hits, 0 errors, 0 left on base; San Jose 4 - Lodi 1 |
BOTTOM OF THE 9TH |
Lodi Crushers batting - Pitching for San Jose Bees : LHP Stephen Hartery
|
Batting: RHB Steve Aragon
|
0-0: Fly out, F8 (Flyball, 8RXD, EV 92.5 MPH)
|
Batting: SHB Leon Baham
|
0-0: Foul Ball, location: 2F 0-1: Fly out, F7 (Line Drive, 7, EV 88.1 MPH)
|
Batting: RHB Chris Baker
|
0-0: Ball 1-0: Foul Ball, location: 2F 1-1: Ground out 4-3 (Groundball, 4, EV 85.0 MPH)
|
Bottom of the 9th over - 0 runs, 0 hits, 0 errors, 0 left on base; San Jose 4 - Lodi 1 |
|